 Dungeon Crawl Stone Soup version 0.27-a0-29-g2d0a2396b0 (webtiles) character file.

Game seed: 15611880403858543122

25624 wakim the Thaumaturge (level 12, -3/68 HPs)
             Began as a Deep Elf Conjurer on Jan 3, 2021.
             Was an Elder of Vehumet.
             Slain by a five-headed hydra (5 damage)
             ... while petrified by a basilisk
             ... on level 4 of the Lair of Beasts.
             The game lasted 02:43:29 (20027 turns).

wakim the Thaumaturge (Deep Elf Conjurer)          Turns: 20027, Time: 02:43:30

Health: -3/68      AC: 10    Str:  4    XL:     12   Next: 91%
Magic:  47/47      EV:  2    Int: 32    God:    Vehumet [****..]
Gold:   874        SH:  0    Dex: 13    Spells: 12/34 levels left

rFire    + + +     SeeInvis .   a - +11 falchion of Blind Justice {vorpal, Fragile rF+++ MP+9 Int+3}
rCold    . . .     Faith    .   o - +0 buckler
rNeg     + + +     Spirit   .   h - +2 robe
rPois    ∞         Reflect  .   r - +0 helmet
rElec    .         Harm     .   H - +0 cloak
rCorr    .         Rampage  .   k - +0 pair of gloves
Will     +....                  c - +2 pair of boots
Stlth    ++++......             (no amulet)
HPRegen  0.21/turn              t - ring of magical power
MPRegen  0.30/turn              x - ring of poison resistance

@: petrified
A: no striking features
a: Renounce Religion


You were on level 4 of the Lair of Beasts.
You worshipped Vehumet.
Vehumet was greatly pleased with you.
You visited 3 branches of the dungeon, and saw 18 of its levels.
You also visited: Ossuary.

You collected 874 gold pieces.

Inventory:

Hand Weapons
 a - the +11 falchion of Blind Justice (weapon) {vorpal, Fragile rF+++ MP+9 Int+3}
   (You found it on level 3 of the Lair of Beasts)

   It inflicts extra damage upon your enemies.
   It affects your intelligence (+3).
   It renders you almost immune to fire.
   It affects your magic capacity (+9).
   It will be destroyed if unequipped.
 P - a +0 rapier
Armour
 c - a +2 pair of boots (worn)
 h - a +2 robe (worn)
 k - a +0 pair of gloves (worn)
 l - the +1 robe "Kolal" {Rampage Dex+4 Slay+6}
   (You found it on level 4 of the Dungeon)

   It affects your dexterity (+4).
   It affects your accuracy and damage with ranged weapons and melee attacks
   (+6).
   It bestows one free step when moving towards enemies.
 o - a +0 buckler (worn)
 r - a +0 helmet (worn)
 H - a +0 cloak (worn)
 L - a +1 leather armour of positive energy
 R - a +0 kite shield
Magical Staves
 s - an uncursed staff of death
Jewellery
 t - a ring of magical power (left hand)
 x - a ring of poison resistance (right hand)
 D - an uncursed ring of ice
 J - an uncursed ring of magical power
 M - an uncursed ring of ice
Wands
 j - a wand of iceblast (15)
 z - a wand of disintegration (14)
 Q - a wand of enslavement (5)
Scrolls
 e - 6 scrolls of amnesia
 f - 6 scrolls of remove curse
 g - 4 scrolls of teleportation
 p - 2 scrolls of magic mapping
 q - 6 scrolls of enchant armour
 u - 4 scrolls of identify
 y - 2 scrolls of fear
 E - 4 scrolls of enchant weapon
 I - 2 scrolls of blinking
 N - a scroll of fog
Potions
 d - 11 potions of curing
 i - 6 potions of ambrosia
 m - 6 potions of heal wounds
 n - 4 potions of brilliance
 v - 2 potions of magic
 w - a potion of flight
 A - a potion of invisibility
 F - 3 potions of haste
 K - a potion of might
 O - a potion of cancellation


   Skills:
 + Level 5.4 Fighting
 - Level 4.1 Short Blades
 - Level 8.0 Dodging
 - Level 10.0 Stealth
 + Level 4.0 Shields
 + Level 11.5 Spellcasting
 + Level 11.1 Conjurations
 + Level 8.0 Hexes
 - Level 4.0 Translocations
 + Level 8.0 Fire Magic
 - Level 2.3 Air Magic
 + Level 6.0 Earth Magic


You had 12 spell levels left.
You knew the following spells:

 Your Spells              Type           Power        Failure   Level
a - Magic Dart            Conj           100%         1%          1
b - Searing Ray           Conj           100%         1%          2
c - Fulminant Prism       Conj/Hex       34%          1%          4
d - Iskenderun's Mystic   Conj/Tloc      61%          1%          4
f - Conjure Flame         Conj/Fire      68%          1%          3
g - Static Discharge      Conj/Air       57%          1%          3
h - Bolt of Magma         Conj/Fire/Erth 32%          1%          5

Your spell library contained the following spells:

 Spells                   Type           Power        Failure   Level
 Conjure Ball Lightning   Conj/Air       28%          7%          6
 Foxfire                  Conj/Fire      100%         1%          1
 Blink                    Tloc           N/A          1%          2
 Slow                     Hex            63%          1%          2
 Dazzling Flash           Conj/Hex       100%         1%          3
 Ignite Poison            Fire/Tmut/Pois 35%          1%          3
 Mephitic Cloud           Conj/Pois/Air  47%          1%          3
 Beastly Appendage        Tmut           36%          2%          1
 Sting                    Tmut/Pois      72%          2%          1
 Poisonous Vapours        Pois/Air       50%          2%          2
 Call Imp                 Summ           18%          4%          2
 Wereblood                Tmut           18%          4%          2
 Olgreb's Toxic Radiance  Pois           18%          7%          4
 Spider Form              Tmut/Pois      9%           8%          3
 Ice Form                 Ice/Tmut       18%          26%         4
 Blade Hands              Tmut           9%           58%         5
 Malign Gateway           Summ/Tloc      15%          100%        7
 Monstrous Menagerie      Summ           9%           100%        7
 Summon Greater Demon     Summ           9%           100%        7
 Summon Horrible Things   Summ           9%           100%        8


Dungeon Overview and Level Annotations

Branches:
Dungeon (11/15)            Temple (1/1) D:5            Lair (6/6) D:11
 Shoals (0/4) Lair:3       Spider (0/4) Lair:3      Ossuary (visited)
  Slime: Lair:5-6       Orc: D:9-12

Altars:
Ashenzari
Elyvilon
Gozag
Hepliaklqana
Kikubaaqudgha
Makhleb
Nemelex Xobeh
Okawaru
Ru
Sif Muna
Trog
Uskayaw
Vehumet
Wu Jian
Xom
Yredelemnul
Zin

Shops:
D:6 (   D:7 (

Annotations:
D:9 3 runed translucent doors, Megustar's ghost, novice DEFE
D:10 acid dragon
D:11 Boulder, exclusion: 3 doors


Message History

The basilisk bites you!! The five-headed hydra bites you!
* * * LOW HITPOINT WARNING * * *
The five-headed hydra bites you but does no damage. x2
The five-headed hydra bites you!
* * * LOW HITPOINT WARNING * * *
The five-headed hydra bites you.
* * * LOW HITPOINT WARNING * * *
The basilisk gazes at you.
You easily resist.
The five-headed hydra bites you but does no damage. x2
The five-headed hydra bites you!
* * * LOW HITPOINT WARNING * * *
The five-headed hydra bites you.
* * * LOW HITPOINT WARNING * * *
The five-headed hydra bites you.
* * * LOW HITPOINT WARNING * * *
The basilisk bites you but does no damage.
The five-headed hydra bites you but does no damage. x2
The five-headed hydra bites you!
You die...

###. ##
##...##.#
#..=....##
#........##
#........#
#........####
#............
#...l........
##...@.......
.......D.......
...............
....PP#.....[..
.....####......
.>... #.....
..?.. P....
.... ..[..


You could see a five-headed hydra and a basilisk.

Vanquished Creatures
  Erolcha (D:11)
  A hydra (Lair:3)
  2 two-headed ogres
  Erica (D:11)
  3 unseen horrors
  A cyclops (D:11)
  A manticore (D:11)
  4 black mambas
  Joseph (D:10)
  6 cane toads
  5 komodo dragons
  A kobold demonologist (D:8)
  The ghost of Megustar the Firebug, a novice DEFE (D:5)
  A troll (D:11)
  3 blink frogs (Lair:3)
  A jumping spider (Lair:3)
  A polar bear (Lair:3)
  A queen bee (D:11)
  Prince Ribbit (D:8)
  A snapping turtle (Lair:3)
  Sigmund (D:2)
  3 wyverns
  27 yaks
  3 basilisks
  The ghost of MirrMurr the Poker, an amateur DsGl (D:4)
  Menkaure (D:5)
  3 wargs (D:11)
  5 water moccasins
  A soldier ant (D:10)
  An orc warrior (D:10)
  3 ice beasts
  3 black bears
  2 sky beasts
  4 phantoms
  11 wolves
  2 ogres
  2 centaurs
  3 big kobolds
  12 bullfrogs
  A gnoll sergeant (D:6)
  2 water moccasin zombies (Ossuary)
  5 scorpions
  34 killer bees
  A water moccasin skeleton (D:4)
  A howler monkey (D:4)
  3 bullfrog zombies
  A quasit (D:10)
  6 hounds
  A jelly (D:11)
  7 orc wizards
  5 orc priests
  2 bullfrog skeletons
  2 centaur skeletons (D:11)
  4 iguanas
  A killer bee zombie (D:5)
  12 worker ants
  5 big kobold zombies (Ossuary)
  2 hound zombies
  A hound skeleton (D:4)
  2 mummies (Ossuary)
  A howler monkey skeleton (D:11)
  A worker ant zombie (D:7)
  20 adders
  7 gnolls
  2 shadow imps
  3 white imps
  An ooze (D:3)
  5 adder zombies (Ossuary)
  3 adder skeletons
  4 worms
  4 leopard geckos
  23 orcs
  A ball python (D:2)
  10 bats
  7 giant cockroaches
  9 goblins
  6 hobgoblins
  8 jackals
  23 kobolds
  9 quokkas
  8 frilled lizards
  4 gnoll zombies (Ossuary)
  7 hobgoblin zombies (Ossuary)
  7 kobold zombies (Ossuary)
  2 leopard gecko skeletons
  6 orc zombies (Ossuary)
  A quokka skeleton (D:5)
  10 rats
  4 fulminant prisms
419 creatures vanquished.

Vanquished Creatures (others)
  13 foxfires (Ossuary)
  156 fulminant prisms
  25 fungi
  25 plants
219 creatures vanquished.

Grand Total: 638 creatures vanquished

Notes
Turn   | Place    | Note
-------+----------+-------------------------------------------
     0 | D:1      | wakim the Deep Elf Conjurer began the quest for the Orb.
     0 | D:1      | Reached XP level 1. HP: 10/10 MP: 6/6
   118 | D:1      | Reached XP level 2. HP: 15/15 MP: 2/8
   787 | D:1      | Learned a level 2 spell: Searing Ray
   794 | D:1      | Reached skill level 1 in Short Blades
   794 | D:1      | Reached XP level 3. HP: 17/19 MP: 4/9
  1105 | D:2      | Noticed Sigmund
  1207 | D:2      | Reached skill level 5 in Conjurations
  1320 | D:2      | Found a hazy altar of Hepliaklqana.
  1471 | D:2      | Reached XP level 4. HP: 24/24 MP: 6/10
  1568 | D:2      | Found an ornate altar of the Wu Jian Council.
  2200 | D:3      | Found a burning altar of Makhleb.
  2235 | D:3      | Reached XP level 5. HP: 28/28 MP: 6/12
  3168 | D:4      | Reached skill level 5 in Stealth
  3644 | D:4      | Reached XP level 6. HP: 32/32 MP: 9/14
  3908 | D:4      | Reached skill level 1 in Shields
  4026 | D:4      | Found a transporter.
  4026 | D:4      | Noticed MirrMurr's ghost (amateur DsGl)
  4085 | D:4      | Found a transporter.
  4137 | D:4      | Got a distressingly furry robe
  4384 | D:4      | Reached XP level 7. HP: 36/36 MP: 10/16
  4439 | D:5      | Entered Level 5 of the Dungeon
  4518 | D:5      | Found a transporter.
  4542 | D:5      | Noticed Menkaure
  4658 | D:5      | Noticed Megustar's ghost (novice DEFE)
  4682 | D:5      | Found a transporter.
  4766 | D:5      | Reached skill level 5 in Spellcasting
  4766 | D:5      | Reached skill level 1 in Hexes
  5091 | D:5      | Found a staircase to the Ecumenical Temple.
  5099 | Temple   | Entered the Ecumenical Temple
  5167 | Temple   | Became a worshipper of Vehumet
  5683 | D:2      | Killed Sigmund
  5684 | D:2      | Reached skill level 1 in Translocations
  5684 | D:2      | Reached XP level 8. HP: 36/41 MP: 12/18
  5895 | Temple   | Identified the cursed +1 robe "Kolal" {Rampage Dex+4
                  | Slay+6} (You found it on level 4 of the Dungeon)
  6003 | D:6      | Found a hide-covered altar of Uskayaw.
  6012 | D:6      | Got a shimmering ring mail
  6073 | D:6      | Identified the +1 ring mail "Kuludus" {Int+3} (You found it
                  | on level 6 of the Dungeon)
  6269 | D:6      | Learned a level 4 spell: Fulminant Prism
  6274 | D:6      | Learned a level 4 spell: Iskenderun's Mystic Blast
  6446 | D:6      | Found Raghaov's Weapon Emporium.
  7254 | D:7      | Found Kintulygai's Antique Weapon Shoppe.
  7291 | D:7      | Found a sand-covered staircase.
  7299 | Ossuary  | Entered an ossuary
  7474 | Ossuary  | Reached * piety under Vehumet
  7474 | Ossuary  | Offered knowledge of Foxfire by Vehumet.
  7550 | Ossuary  | Learned a level 1 spell: Foxfire
  7909 | D:7      | Reached ** piety under Vehumet
  7955 | D:7      | Offered knowledge of Freeze by Vehumet.
  8019 | D:7      | Reached XP level 9. HP: 45/45 MP: 20/20
  8372 | D:7      | Found a broken altar of Ashenzari.
  8553 | D:8      | Noticed a kobold demonologist
  8748 | D:8      | Found a white marble altar of Elyvilon.
  8959 | D:8      | Noticed Prince Ribbit
  8966 | D:8      | Killed Prince Ribbit
  9162 | D:5      | Killed Menkaure
  9368 | D:4      | Killed MirrMurr's ghost
  9424 | D:4      | Learned a level 3 spell: Conjure Flame
  9527 | D:5      | Killed Megustar's ghost
  9528 | D:5      | Reached skill level 1 in Fighting
  9936 | D:8      | Killed a kobold demonologist
  9940 | D:8      | Offered knowledge of Static Discharge by Vehumet.
 10010 | D:8      | Learned a level 3 spell: Static Discharge
 10247 | D:9      | Found a runed translucent gate.
 10248 | D:9      | Found a runed translucent gate.
 10259 | D:9      | Found a runed translucent gate.
 10279 | D:9      | Reached XP level 10. HP: 29/53 MP: 24/24
 10579 | D:9      | Noticed Megustar's ghost (novice DEFE)
 10622 | D:9      | Noticed a two-headed ogre
 10629 | D:9      | Killed a two-headed ogre
 10630 | D:9      | Reached skill level 5 in Hexes
 10972 | D:9      | Found a basalt altar of Yredelemnul.
 11186 | D:10     | Entered Level 10 of the Dungeon
 11243 | D:10     | Reached skill level 5 in Dodging
 11250 | D:10     | Noticed Joseph
 11321 | D:10     | Reached *** piety under Vehumet
 11870 | D:10     | Killed Joseph
 11879 | D:9      | Offered knowledge of Inner Flame by Vehumet.
 12450 | D:10     | Reached skill level 1 in Fire Magic
 12642 | D:10     | Reached skill level 10 in Spellcasting
 12932 | D:10     | Found a sacrificial altar of Ru.
 13148 | D:10     | Killed an unseen horror
 13149 | D:10     | Reached XP level 11. HP: 35/61 MP: 20/27
 13240 | D:10     | Reached skill level 1 in Air Magic
 13599 | D:10     | Killed an unseen horror
 13720 | D:10     | Reached **** piety under Vehumet
 13835 | D:11     | Offered knowledge of Bolt of Magma by Vehumet.
 13903 | D:11     | Reached skill level 10 in Conjurations
 14192 | D:11     | Noticed a boulder beetle
 14214 | D:11     | Learned a level 5 spell: Bolt of Magma
 14239 | D:11     | Noticed Erica
 14251 | D:11     | Killed Erica
 14252 | D:11     | Reached skill level 1 in Earth Magic
 14403 | D:11     | Noticed a two-headed ogre
 14418 | D:11     | Killed a two-headed ogre
 14611 | D:11     | Reached ***** piety under Vehumet
 14612 | D:11     | Offered knowledge of Conjure Ball Lightning by Vehumet.
 15022 | D:11     | Killed an unseen horror
 15023 | D:11     | Reached skill level 5 in Fire Magic
 15160 | D:11     | Noticed Erolcha
 15161 | D:11     | Found a staircase to the Lair.
 15440 | D:11     | Killed Erolcha
 15663 | Lair:1   | Entered Level 1 of the Lair of Beasts
 15680 | Lair:1   | Reached XP level 12. HP: 66/66 MP: 25/28
 16082 | Lair:1   | Reached skill level 10 in Stealth
 16106 | Lair:1   | Reached skill level 5 in Earth Magic
 16480 | Lair:1   | Noticed a five-headed hydra
 18370 | Lair:3   | Noticed an eight-headed hydra
 18850 | Lair:3   | Reached skill level 5 in Fighting
 18992 | Lair:3   | Found a hole to the Spider Nest.
 19092 | Lair:3   | Killed an eight-headed hydra
 19251 | Lair:3   | Got a transparent falchion
 19326 | Lair:3   | Found a staircase to the Shoals.
 19679 | Lair:3   | Identified the +11 falchion of Blind Justice {vorpal,
                  | Fragile rF+++ MP+9 Int+3} (You found it on level 3 of the
                  | Lair of Beasts)
 19985 | Lair:4   | You fall into a shaft and drop 2 floors!
 19985 | Lair:6   | Entered Level 6 of the Lair of Beasts
 19985 | Lair:6   | Noticed a seven-headed hydra
 20014 | Lair:4   | Noticed a five-headed hydra
 20026 | Lair:4   | HP: 2/68 [five-headed hydra (2)]
 20027 | Lair:4   | Slain by a five-headed hydra

Illustrated notes

Levels and vault maps discovered:
D:1:      ebering_hopf_link, layout_basic
D:2:      layout_basic, nzn_wu_jian_council_hall, lemuel_crystal_altar,
          minmay_vboxes, uniq_sigmund
D:3:      layout_basic, old_standard_altar, minivault_25, minmay_quantized
D:4:      layout_basic, gammafunk_ghost_arena
D:5:      layout_loops_ring, minmay_temple_entry_statues_pillars,
          gammafunk_ghost_arena, serial_bayou_ford_a, uniq_menkaure
D:6:      layout_cave_pods, eat_drink_and_be_merry_uskayaw, serial_shops, shop
D:7:      layout_loops_ring, serial_shops, kennysheep_mini_moat,
          chequers_ossuary_entry_cave, corexii_checkpoint_a,
          cheibrodos_ashenzari_chains
D:8:      layout_loops_cross, elyvilon_altar_1, minmay_manual_maat,
          uniq_prince_ribbit1
D:9:      layout_long_grid, general_overflow_altar, gammafunk_ghost_icy,
          minivault_24
D:10:     minmay_clustersquares, layout_long_grid, basic_altar, uniq_joseph
D:11:     layout_roguey [special_room_bee], erik_lair_orcish_takeover,
          uniq_erolcha, uniq_erica
Temple:   nicolae_temple_elliptical
Lair:1:   layout_regular_city
Lair:2:   layout_layer_cave, nicolae_lair_grove_arrangements
Lair:3:   layout_regular_city, minmay_shoals_entry_hut, spider_nest_entry_a
Lair:4:   layout_cave_pods, serial_bayou_shore_b, lemuel_fruit_tree
Lair:5:   layout_loops_ring
Lair:6:   hangedman_lair_in_review, layout_loops_ring, slime_altar_1,
          grunt_megastairs_3

Skill      XL: |  1  2  3  4  5  6  7  8  9 10 11 12 |
---------------+-------------------------------------+-----
Stealth        | 3 4 5 6 7 8 9 10 | 10.0
Short Blades   | 1 2 3 4 |  4.1
Conjurations   | 5 6 7 8 9 10 11 | 11.1
Spellcasting   | 4 5 6 8 10 11 | 11.5
Shields        | 1 2 3 4 |  4.0
Hexes          | 2 4 6 8 |  8.0
Translocations | 1 2 4 |  4.0
Dodging        | 4 6 8 |  8.0
Fighting       | 2 4 5 |  5.4
Fire Magic     | 2 5 8 |  8.0
Air Magic      | 2 |  2.3
Earth Magic    | 4 6 |  6.0

Action                   |  1- 3 |  4- 6 |  7- 9 | 10-12 || total
-------------------------+-------+-------+-------+-------++-------
Melee: Dagger            |     1 |     6 |     2 |       ||     9
       Rapier            |       |       |    10 |    10 ||    20
 Cast: Magic Dart        |    48 |    84 |    57 |    40 ||   229
       Searing Ray       |     3 |    31 |    70 |    41 ||   145
       Foxfire           |       |       |    11 |       ||    11
       Fulminant Prism   |       |       |    12 |   151 ||   163
       Conjure Flame     |       |       |     1 |       ||     1
       Static Discharge  |       |       |       |     3 ||     3
       Bolt of Magma     |       |       |       |    69 ||    69
       Iskenderun's Myst |       |       |       |     1 ||     1
  Use: Scroll            |     4 |     7 |    12 |     6 ||    29
       Potion            |       |       |       |     4 ||     4
Armor: Robe              |     9 |    10 |    19 |    41 ||    79
Dodge: Dodged            |    21 |    28 |    29 |   125 ||   203
Block: Buckler           |       |     2 |    15 |    48 ||    65
       Kite shield       |       |       |       |     1 ||     1
       Rpst.: Falchion   |       |       |       |     1 ||     1

Table legend: (Time is in decaauts)
 A = Elapsed time spent in this place.
 B = Non-inter-level travel time spent in this place.
 C = Inter-level travel time spent in this place.
 D = Time resting spent in this place.
 E = Time spent auto-exploring this place.
 F = Levels seen in this place.
 G = Mean time per level.
                   A        B        C        D        E       F      G
               +--------+--------+--------+--------+--------+-----+--------+
         Total |  20076 |  18612 |   1464 |   5967 |   4821 |  19 | 1056.6 |
       Dungeon |  14969 |  13846 |   1123 |   4561 |   2922 |  11 | 1360.8 |
        Temple |    164 |    154 |     10 |      0 |     95 |   1 |  164.0 |
          Lair |   4387 |   4056 |    331 |   1033 |   1803 |   6 |  731.2 |
       Ossuary |    555 |    555 |      0 |    373 |      0 |   1 |  555.0 |
               +--------+--------+--------+--------+--------+-----+--------+

Top non-repeatable levels by time:
     D:9: 2007 daAuts
  Lair:3: 1831 daAuts
    D:11: 1765 daAuts
    D:10: 1736 daAuts
     D:3: 1423 daAuts
     D:5: 1406 daAuts
     D:4: 1396 daAuts
     D:6: 1299 daAuts
  Lair:1: 1285 daAuts
     D:2: 1144 daAuts
  Lair:2: 1120 daAuts
     D:8: 1002 daAuts
     D:7: 909 daAuts
     D:1: 876 daAuts
 Ossuary: 555 daAuts
